 Dungeon Crawl Stone Soup version 0.21-b1-23-g1fb0a74 (webtiles) character file.

137 tidbits the Grave Robber (level 5, -1/37 HPs)
             Began as a Gnoll Necromancer on Jan 5, 2018.
             Killed by divine providence
             ... invoked by an orc priest
              (15 damage)
             ... on level 4 of the Dungeon.
             The game lasted 00:06:45 (1003 turns).

tidbits the Grave Robber (Gnoll Necromancer)        Turns: 1003, Time: 00:06:46

Health: -1/37      AC: 10    Str:  8 (10) XL:     5   Next: 20%
Magic:  5/12       EV: 14    Int: 18 (19) God:
Gold:   41         SH:  0    Dex: 14 (15) Spells: 6/14 levels left

rFire    . . .     SeeInvis .   a - +2 dagger (protect)
rCold    . . .     Gourm    .   (no shield)
rNeg     . . .     Faith    .   o - +0 robe
rPois    .         Spirit   .   (no helmet)
rElec    .         Reflect  .   (no cloak)
rCorr    .         Harm     .   G - +0 pair of gloves (curse)
MR       .....                  (no boots)
Stlth    +++.......             (no amulet)
HPRegen  0.12/turn              (no ring)
MPRegen  0.13/turn              (no ring)

@: protection aura
A: distributed training, fangs 1, strong nose
a: no special abilities


You were on level 4 of the Dungeon.
You were not hungry.

You visited 1 branch of the dungeon, and saw 4 of its levels.

You collected 41 gold pieces.

Inventory:

Hand Weapons
 a - a +2 dagger of protection (weapon)
   (You took it off a goblin on level 2 of the Dungeon)
 d - a +0 dagger
 i - a +0 short sword
 p - a cursed -1 spear
Armour
 o - a +0 robe (worn)
 G - a cursed +0 pair of gloves (worn)
Scrolls
 e - a scroll of blinking {unknown}
 f - 2 scrolls of teleportation {unknown}
 g - 4 scrolls of remove curse {unknown}
 h - a scroll of identify {unknown}
 k - a scroll of fog {unknown}
 l - a scroll of enchant armour {unknown}
 m - a scroll of magic mapping {unknown}
Potions
 n - a potion of degeneration
 q - a potion of magic {unknown}
Books
 b - a book of Necromancy

   Spells                             Type                      Level
   a - Pain                           Necromancy                   1
   b - Animate Skeleton               Necromancy                   1
   c - Vampiric Draining              Necromancy                   3
   d - Regeneration                   Charms/Necromancy            3
   e - Animate Dead                   Necromancy                   4
   f - Borgnjor's Vile Clutch         Necromancy/Earth             5
Comestibles
 c - 6 rations
 j - 4 chunks of flesh


   Skills:
 + Level 1.3 Fighting
 + Level 1.3 Short Blades
 + Level 1.3 Long Blades
 + Level 1.3 Axes
 + Level 1.3 Maces & Flails
 + Level 1.3 Polearms
 + Level 1.3 Staves
 + Level 1.3 Slings
 + Level 1.3 Bows
 + Level 1.3 Crossbows
 + Level 1.3 Throwing
 + Level 1.3 Armour
 + Level 4.7 Dodging
 + Level 4.3 Stealth
 + Level 1.3 Shields
 + Level 1.3 Unarmed Combat
 + Level 5.1 Spellcasting
 + Level 1.1 Conjurations
 + Level 1.1 Hexes
 + Level 1.1 Charms
 + Level 1.1 Summonings
 + Level 7.1 Necromancy
 + Level 1.1 Translocations
 + Level 1.1 Transmutations
 + Level 1.1 Fire Magic
 + Level 1.1 Ice Magic
 + Level 1.1 Air Magic
 + Level 1.1 Earth Magic
 + Level 1.1 Poison Magic
 + Level 1.5 Invocations
 + Level 1.3 Evocations


You had 6 spell levels left.
You knew the following spells:

 Your Spells              Type           Power        Failure   Level  Hunger
a - Pain                  Necr           ####         1%          1    None
n - Animate Skeleton      Necr           N/A          1%          1    None
r - Regeneration          Chrm/Necr      ###.......   7%          3    ##.....
v - Vampiric Draining     Necr           ####......   1%          3    ##.....


Dungeon Overview and Level Annotations

Branches:
Dungeon (4/15)
 Temple: D:4-7

Altars:
Xom


Innate Abilities, Weirdness & Mutations

Your experience applies equally to all skills.
You have very sharp teeth.
Your uncanny sense of smell can sniff out nearby items.


Message History

The goblin closely misses you.
You hit the goblin.
You kill the goblin!
Things that are here:
a club; a goblin corpse
Casting: Regeneration
Confirm with . or Enter, or press ? or * to list all spells.
You attempt to give life to the dead...
Before your eyes, flesh is ripped from the corpse!
The dead are walking!
j - 5 chunks of flesh (gained 2) Eat one of 5 chunks of flesh? (ye/n/q)
You eat one of the 5 chunks of flesh.
This raw flesh tastes terrible.
Your orc priest skeleton crumbles into dust!
There is a stone staircase leading down, spattered with blood here.
You climb downwards.
The orc closely misses you. The orc completely misses you. x2
The orc closely misses you.
There is a stone staircase leading up here.
You hit the orc.
Your weapon exudes an aura of protection.
The orc is moderately wounded.
The orc priest invokes the aid of Beogh against you.
Pain shoots through your body! The orc barely misses you.
A jackal comes into view.
The orc barely misses you.
You climb upwards.
There is a stone staircase leading down, spattered with blood here.
You barely miss the orc.
The orc is moderately wounded.
The orc misses you. The orc hits you but does no damage.
Your goblin skeleton closely misses the orc.
You hit the orc.
Your weapon exudes an aura of protection.
You bite the orc, but do no damage.
The orc is moderately wounded.
The orc hits you but does no damage. The orc closely misses you.
You hit the orc.
The orc is heavily wounded.
The orc misses you.
Your goblin skeleton barely misses the orc.
The orc hits you but does no damage.
You hit the orc.
You kill the orc!
The orc closely misses you.
You hit the orc.
The orc is almost dead.
The orc barely misses you.
You hit the orc.
You kill the orc!
No target in view!
No target in view!
Things that are here:
a club; a leather armour You swap places.
Things that are here:
a short sword; an orc corpse x2
There is a stone staircase leading down, spattered with blood here.
You climb downwards.
Your mindless thrall stays behind.
The jackal bites you but does no damage.
There is a stone staircase leading up here.
You hit the jackal.
Your weapon exudes an aura of protection.
The jackal is heavily wounded.
The jackal bites you but does no damage.
The jackal misses you.
You barely miss the jackal.
The jackal is heavily wounded.
The jackal bites you but does no damage.
You hit the jackal.
You kill the jackal!
The orc priest miscasts a cantrip.
A jackal comes into view.
Casting: Animate Skeleton
Confirm with . or Enter, or press ? or * to list all spells.
Aiming: Pain
Press: ? - help, Shift-Dir - straight line, f - orc priest
Aim: an orc priest, wielding a whip (chance to defeat MR: 84%)
The orc priest writhes in agony!
The jackal barks!
The orc priest invokes the aid of Beogh against you.
Beogh smites you!
You hear a shout!
Casting: Pain
Confirm with . or Enter, or press ? or * to list all spells.
Aiming: Pain
Press: ? - help, Shift-Dir - straight line, f/p - orc priest
Aim: an orc priest, wielding a whip (moderately wounded, chance to defeat MR: 84%)
The orc priest writhes in agony!
The orc priest invokes the aid of Beogh against you.
Pain shoots through your body!
* * * LOW HITPOINT WARNING * * *
Casting: Pain
Confirm with . or Enter, or press ? or * to list all spells.
Aiming: Pain
Press: ? - help, Shift-Dir - straight line, f/p - orc priest
Aim: an orc priest, wielding a whip (almost dead, chance to defeat MR: 84%)
The orc priest writhes in agony!
The orc priest invokes the aid of Beogh against you.
Beogh smites you!
You die...

#..O##...#
##........
###...o.#..
...#....>
#......##
#...h...###.
#...........
#...@...##..
##..<.......
.........####..
.........#
##........
##########


You could see an ogre, an orc priest and a jackal.

Vanquished Creatures
  An orc priest (D:3)
  A worker ant (D:3)
  2 adders (D:3)
  An ooze (D:1)
  2 worms
  2 dart slugs (D:1)
  3 leopard geckos
  4 orcs
  6 goblins
  4 hobgoblins
  4 jackals
  3 bats
  2 frilled lizards
  2 kobolds (D:2)
  10 rats
47 creatures vanquished.

Notes
Turn   | Place    | Note
-------+----------+-------------------------------------------
     0 | D:1      | tidbits the Gnoll Necromancer began the quest for the Orb.
     0 | D:1      | Reached XP level 1. HP: 13/13 MP: 6/6
   100 | D:1      | Reached XP level 2. HP: 10/19 MP: 2/7
   103 | D:1      | Learned a level 1 spell: Animate Skeleton
   315 | D:1      | Reached XP level 3. HP: 7/25 MP: 6/9
   328 | D:1      | Reached skill level 5 in Spellcasting
   362 | D:1      | Learned a level 3 spell: Vampiric Draining
   366 | D:1      | Learned a level 3 spell: Regeneration
   505 | D:2      | Reached skill level 1 in Invocations
   795 | D:3      | Reached skill level 1 in Fighting
   795 | D:3      | Reached skill level 1 in Short Blades
   795 | D:3      | Reached skill level 1 in Long Blades
   795 | D:3      | Reached skill level 1 in Axes
   795 | D:3      | Reached skill level 1 in Maces & Flails
   795 | D:3      | Reached skill level 1 in Polearms
   795 | D:3      | Reached skill level 1 in Staves
   795 | D:3      | Reached skill level 1 in Slings
   795 | D:3      | Reached skill level 1 in Bows
   795 | D:3      | Reached skill level 1 in Crossbows
   795 | D:3      | Reached skill level 1 in Throwing
   795 | D:3      | Reached skill level 1 in Armour
   795 | D:3      | Reached skill level 1 in Shields
   795 | D:3      | Reached skill level 1 in Unarmed Combat
   795 | D:3      | Reached skill level 1 in Evocations
   795 | D:3      | Reached XP level 4. HP: 14/32 MP: 3/11
   843 | D:3      | Reached skill level 1 in Conjurations
   843 | D:3      | Reached skill level 1 in Hexes
   843 | D:3      | Reached skill level 1 in Charms
   843 | D:3      | Reached skill level 1 in Summonings
   843 | D:3      | Reached skill level 1 in Translocations
   843 | D:3      | Reached skill level 1 in Transmutations
   843 | D:3      | Reached skill level 1 in Fire Magic
   843 | D:3      | Reached skill level 1 in Ice Magic
   843 | D:3      | Reached skill level 1 in Air Magic
   843 | D:3      | Reached skill level 1 in Earth Magic
   843 | D:3      | Reached skill level 1 in Poison Magic
   903 | D:3      | Found a shimmering altar of Xom.
   913 | D:3      | Reached XP level 5. HP: 18/37 MP: 1/12
  1003 | D:4      | Killed from afar by an orc priest

Skill      XL: |  1  2  3  4 |
---------------+-------------+-----
Spellcasting   | 5 |  5.1
Invocations    | 1 |  1.5
Fighting       | 1 |  1.3
Short Blades   | 1 |  1.3
Long Blades    | 1 |  1.3
Axes           | 1 |  1.3
Maces & Flails | 1 |  1.3
Polearms       | 1 |  1.3
Staves         | 1 |  1.3
Slings         | 1 |  1.3
Bows           | 1 |  1.3
Crossbows      | 1 |  1.3
Throwing       | 1 |  1.3
Armour         | 1 |  1.3
Shields        | 1 |  1.3
Unarmed Combat | 1 |  1.3
Evocations     | 1 |  1.3
Conjurations   | 1 |  1.1
Hexes          | 1 |  1.1
Charms         | 1 |  1.1
Summonings     | 1 |  1.1
Translocations | 1 |  1.1
Transmutations | 1 |  1.1
Fire Magic     | 1 |  1.1
Ice Magic      | 1 |  1.1
Air Magic      | 1 |  1.1
Earth Magic    | 1 |  1.1
Poison Magic   | 1 |  1.1
Dodging        | |  4.7
Stealth        | |  4.3
Necromancy     | |  7.1

Action                   |  1- 3 |  4- 6 || total
-------------------------+-------+-------++-------
Melee: Dagger            |    12 |    40 ||    52
       Bite              |       |     6 ||     6
 Cast: Pain              |    51 |    11 ||    62
       Animate Skeleton  |     2 |     2 ||     4
       Regeneration      |     2 |     4 ||     6
  Use: Potion            |       |     1 ||     1
 Stab: Sleeping          |     5 |     1 ||     6
  Eat: Chunk             |       |     1 ||     1
Armor: Robe              |       |    12 ||    12
Dodge: Dodged            |    20 |    27 ||    47

Table legend:
 A = Turns spent in this place as a percentage of turns spent in the entire game.
 B = Non-inter-level travel turns spent in this place as a percentage of non-inter-level travel turns spent in the entire game.
 C = Inter-level travel turns spent in this place as a percentage of turns spent in this place.
 D = Turns resting spent in this place as a percentage of non-inter-level travel turns spent in this place.
 E = Turns spent auto-exploring this place as a percentage of non-inter-level travel turns spent in this place.
 F = Non-inter-level travel turns spent in this place divided by the number of levels of this place that you've seen.
                   A       B       C       D       E      F
               +-------+-------+-------+-------+-------+----------------------
         Total | 100.0 | 100.0 |   1.6 |   0.0 |   0.0 | 246.8
       Dungeon | 100.0 | 100.0 |   1.6 |   0.0 |   0.0 | 246.8
               +-------+-------+-------+-------+-------+----------------------

Table legend:
 A = Kills in this place as a percentage of kills in entire the game.
 B = Kills by you in this place as a percentage of kills by you in the entire game.
 C = Kills by friends in this place as a percentage of kills by friends in the entire game.
 D = Other kills in this place as a percentage of other kills in the entire game.
 E = Experience gained in this place as a percentage of experience gained in the entire game.
 F = Experience gained in this place divided by the number of levels of this place that you have seen.
                   A       B       C       D       E      F
               +-------+-------+-------+-------+-------+----------------------
         Total | 100.0 | 100.0 |   N/A |   N/A | 100.0 |  49.2
       Dungeon | 100.0 | 100.0 |   N/A |   N/A | 100.0 |  49.2
               +-------+-------+-------+-------+-------+----------------------

Vault maps used:
D:1:      sevenhm_arrival_forest_fort_small_4, minmay_door_square
D:2:      lemuel_coloured_pillars_altar, first_ration
D:3:      lemuel_crystal_altar, grunt_temple_overflow_diamond
D:4:      overflow_temple_1_default, minmay_temple_entry_fiery,
          vehumet_altar_wand_db
